 Dungeon Crawl Stone Soup version 0.24-a0-584-g9d6b971ae4 (webtiles) character file.

Game seed: 10054463402153243179, levelgen mode: deterministic

7 Mithandil the Skirmisher (level 1, -2/18 HPs)
             Began as a Demonspawn Abyssal Knight on Sept 3, 2019.
             Was an Initiate of Lugonu.
             Slain by a scorpion (4 damage)
             ... on level 1 of the Dungeon.
             The game lasted 00:03:10 (257 turns).

Mithandil the Skirmisher (Demonspawn Abyssal Knight) Turns: 257, Time: 00:03:11

Health: -2/18      AC:  7    Str: 12    XL:     1   Next: 83%
Magic:  2/2        EV: 11    Int: 13    God:    Lugonu [......]
Gold:   25         SH:  0    Dex: 12    Spells: 0/0 levels left

rFire    . . .     SeeInvis .   a - +1 falchion
rCold    . . .     Gourm    .   (no shield)
rNeg     . . .     Faith    .   d - +0 leather armour
rPois    .         Spirit   .   k - +0 hat
rElec    .         Reflect  .   (no cloak)
rCorr    .         Harm     .   l - +0 pair of gloves
MR       .....                  i - +2 pair of boots
Stlth    +.........             (no amulet)
HPRegen  0.06/turn              (no ring)
MPRegen  0.08/turn              (no ring)

@: no status effects
A: no striking features
a: Renounce Religion


You were on level 1 of the Dungeon.
You worshipped Lugonu.
Lugonu was noncommittal.
You were not hungry.

You visited 1 branch of the dungeon, and saw 2 of its levels.
You visited the Abyss 1 time.

You collected 25 gold pieces.

Inventory:

Hand Weapons
 a - a +1 falchion (weapon)
 b - a +0 spear
Missiles
 h - 18 stones (quivered)
 j - 14 arrows
Armour
 d - a +0 leather armour (worn)
 i - a +2 pair of boots (worn)
 k - a +0 hat (worn)
 l - a +0 pair of gloves (worn)
Wands
 g - a wand of polymorph (5)
Scrolls
 e - a scroll of remove curse {unknown}
 f - a scroll of identify {unknown}
Comestibles
 c - 3 rations


   Skills:
 + Level 3.0 Fighting
 * Level 1.9 Long Blades
 + Level 1.9 Armour
 + Level 1.0 Dodging
 + Level 0.2 Stealth
 + Level 0.1 Unarmed Combat
 + Level 2.5 Invocations


You couldn't memorise any spells.
You didn't know any spells.
Your spell library was empty.

Dungeon Overview and Level Annotations

Branches:
Dungeon (2/15)

Altars:


Message History

Press: ? - help, Shift-Dir - straight line, f/p - scorpion
Aim: a scorpion (chance to defeat MR: 46%)
The scorpion resists with some effort.
The scorpion stings you.
* * * LOW HITPOINT WARNING * * *
Aiming: Polymorph
Press: ? - help, Shift-Dir - straight line, f/p - scorpion
Aim: a scorpion (chance to defeat MR: 46%)
The scorpion resists with some effort.
The scorpion stings you but does no damage.
You hit the scorpion but do no damage.
The scorpion stings you but does no damage.
You hit the scorpion.
The scorpion is lightly wounded.
The scorpion barely misses you.
You riposte.
You hit the scorpion.
The scorpion is moderately wounded.
The scorpion barely misses you.
You barely miss the scorpion.
The scorpion is moderately wounded.
The scorpion stings you.
You die...

#.........#
#.........#.#
#.........#.#
#.........#.#
##''###''##.#
##........)#.###
#.####.####....#
###.####.###.....#
.......>.....@s..#
#####.##..##.....#
######.....##......#
........#####.#....#
.######.# #.######
#.. .. ##.# .## .##.
.#


You could see a scorpion.

Vanquished Creatures
  A dart slug (D:1)
  A goblin (D:1)
  A quokka (D:2)
  A bat (D:1)
  A kobold (D:2)
5 creatures vanquished.

Notes
Turn   | Place    | Note
-------+----------+-------------------------------------------
     0 | Abyss:1  | Mithandil the Demonspawn Abyssal Knight began the quest for
                  | the Orb.
     0 | Abyss:1  | Reached XP level 1. HP: 18/18 MP: 2/2
    32 | Abyss:1  | Noticed a large abomination
   101 | Abyss:2  | Noticed a small abomination
   102 | D:1      | Escaped the Abyss
   173 | D:1      | Reached skill level 1 in Dodging
   225 | D:2      | Noticed an iguana
   252 | D:1      | Noticed a scorpion
   252 | D:1      | an iguana changed into a scorpion
   257 | D:1      | Slain by a scorpion

Levels and vault maps discovered:
D:1:      lemuel_arrival_behind_the_door_large, layout_rooms
D:2:      layout_basic, nicolae_tso_swordbearing_angel, uniq_robin, uniq_jessica

Skill      XL: |  1 |
---------------+----+-----
Dodging        | 1 |  1.0
Fighting       | |  3.0
Long Blades    | |  1.9
Armour         | |  1.9
Stealth        | |  0.2
Unarmed Combat | |  0.1
Invocations    | |  2.5

Action                   || total
-------------------------++-------
Melee: Falchion          ||    23
Invok: Depart the Abyss  ||     1
Evoke: Wand              ||     3
  Use: Potion            ||     1
Armor: Leather armour    ||     9
Dodge: Dodged            ||    16
       Rpst.: Falchion   ||     4

Table legend:
 A = Non-vault XP
 B = Vault XP
 C = Vault XP percentage of total XP
 D = Non-vault monster count
 E = Vault monster count
 F = Vault count percentage of total count
                 A         B        C        D         E       F
            +---------+---------+-------+---------+---------+-------
      Total |      10 |       0 |   0.0 |       5 |       0 |   0.0
            +---------+---------+-------+---------+---------+-------
        D:1 |       7 |       0 |   0.0 |       3 |       0 |   0.0
        D:2 |       3 |       0 |   0.0 |       2 |       0 |   0.0
            +---------+---------+-------+---------+---------+-------
